 Dungeon Crawl Stone Soup version 0.29.1-13-g9f3cf754e1 (webtiles) character file.

Game seed: 369585710418689219

0 raph the Caller (level 1, 0/13 HPs)
             Began as a Merfolk Summoner on Jan 23, 2023.
             Slain by a bat (1 damage)
             ... on level 1 of the Dungeon.
             The game lasted 00:00:31 (48 turns).

raph the Caller (Merfolk Summoner)                    Turns: 48, Time: 00:00:32

Health: 0/13       AC:  2    Str:  8    XL:     1   Next: 10%
Magic:  2/3        EV: 12    Int: 14    God:
Gold:   0          SH:  0    Dex: 14    Spells: 3/4 levels left

rFire   . . .      SeeInvis .   d - +0 dagger
rCold   . . .      Faith    .   (no shield)
rNeg    . . .      Spirit   .   a - +0 robe
rPois   .          Reflect  .   (no helmet)
rElec   .          Harm     .   (no cloak)
rCorr   .          Rampage  .   (no gloves)
Will    .....                   (no boots)
Stlth   ++........              (no amulet)
HPRegen 0.04/turn               (no ring)
MPRegen 0.08/turn               (no ring)

@: no status effects
A: (nimble swimmer 2), mertail
a: no special abilities


You were on level 1 of the Dungeon.
You visited 1 branch of the dungeon, and saw 1 of its levels.

Inventory:

Hand Weapons
 d - a +0 dagger (weapon)
Missiles
 e - 3 stones
Armour
 a - a +0 robe (worn)
Scrolls
 c - a scroll of identify {unknown}
Potions
 b - a potion of magic


   Skills:
 - Level 2.6 Dodging
 - Level 2.1 Stealth
 - Level 2.0 Spellcasting
 + Level 4.0 Summonings


You had 3 spell levels left.
You knew the following spells:

 Your Spells              Type           Power      Damage    Failure   Level
a - Summon Small Mammal   Summ           48%        N/A       4%          1

Your spell library contained the following spells:

 Spells                   Type           Power      Damage    Failure   Level
 Call Imp                 Summ           12%        N/A       7%          2
 Call Canine Familiar     Summ           12%        N/A       14%         3
 Summon Guardian Golem    Hex/Summ       7%         N/A       30%         3
 Summon Lightning Spire   Summ/Air       7%         N/A       71%         4


Dungeon Overview and Level Annotations

Branches:
Dungeon (1/15)

Altars:


Innate Abilities, Weirdness & Mutations

((You are very nimble when in or above water. (Stealth+, EV+, Speed+++)))
Your lower body shifts to a powerful aquatic tail in water.


Message History

The kobold barely misses your bat.
Casting: Summon Small Mammal (safe; 4% risk of failure)
Confirm with . or Enter, or press ? or * to list all spells.
You don't know that spell.
Unknown command.
A ball python comes into view.
Your bat barely misses the kobold.
Your bat hits the kobold but does no damage.
Something hits your rat.
Your bat barely misses the kobold.
The bat hits you but does no damage.
Your bat hits the kobold. The bat completely misses your bat.
Your bat hits the kobold but does no damage.
Your bat hits the kobold. The bat attacks as you move away!
The bat hits you but does no damage.
Your bat hits the kobold but does no damage.
The bat hits you but does no damage. The bat hits you but does no damage.
Your bat barely misses the kobold.
Your bat barely misses the bat.
The bat hits you.
* * * LOW HITPOINT WARNING * * *
The bat barely misses you.
Your bat barely misses the bat.
The bat hits you but does no damage. The bat attacks as you move away!
The bat barely misses you.
Your bat hits the kobold but does no damage.
The bat barely misses you.
You closely miss the bat. The bat hits you but does no damage.
Something barely misses your bat. The bat hits you.
* * * LOW HITPOINT WARNING * * *
Your bat disappears in a puff of smoke!
The bat misses you.
Things that are here:
a +0 dagger; 3 stones; a kobold corpse
d - a +0 dagger;
e - 3 stones The bat hits you but does no damage.
d - a +0 dagger (weapon)
The bat attacks as you move away! The bat hits you.
* * * LOW HITPOINT WARNING * * *
The bat hits you.
You die...

....#####...r......#
....#####.....J....###
........J#########...#
..#.......## ###.#
........K..#########.#####
......?.........rr.§....≈#
...........#.#.#...§§§.≈≈#
##......†b.......§≈§§§§.≈#
.........@..<#...≈≈≈≈≈≈≈§#
##..........##..≈§§≈≈§≈§≈#
#.............≈§≈≈≈≈≈≈§≈#
#.............§§§§§≈§≈≈≈#
#.............§§§§§§≈§§§#
#.............≈§§≈≈≈≈§
##.......#...≈.≈≈§≈ §§
##.....##..§§≈≈§


You could see an endoplasm, a bat and a kobold.

Vanquished Creatures (collateral kills)
  A kobold (D:1)
1 creature vanquished.

Notes
Turn   | Place    | Note
-------+----------+-------------------------------------------
     0 | D:1      | raph the Merfolk Summoner began the quest for the Orb.
     0 | D:1      | Reached XP level 1. HP: 13/13 MP: 3/3
    48 | D:1      | Slain by a bat

Illustrated notes

Levels and vault maps discovered:
D:1:      dpeg_arrival_lava_altar, layout_rooms,
          dreamdust_ecumenical_altar_angels_and_demons

Action                   || total
-------------------------++-------
Melee: Unarmed           ||     1
 Cast: Summon Small Mamm ||     4
Armor: Robe              ||    12
Dodge: Dodged            ||    14
